 Dungeon Crawl Stone Soup version 0.24.0-13-gcf9b319 (webtiles) character file.

Game seed: 9720895545840564524, levelgen mode: deterministic

228 Anuprightman the Chopper (level 6, 37/37 HPs)
             Began as a Gargoyle Fighter on Dec 16, 2019.
             Quit the game on level 4 of the Dungeon.
             The game lasted 00:10:57 (2864 turns).

Anuprightman the Chopper (Gargoyle Fighter)         Turns: 2864, Time: 00:10:57

Health: 37/37      AC: 15    Str: 21    XL:     6   Next: 2%
Magic:  6/6        EV:  5    Int:  9    God:
Gold:   171        SH: 10    Dex:  9    Spells: 5/5 levels left

rFire    . . .     SeeInvis .   o - +0 broad axe
rCold    . . .     Gourm    .   c - +1 shield
rNeg     + . .     Faith    .   t - +0 chain mail
rPois    ∞         Spirit   .   j - +0 helmet (curse)
rElec    +         Reflect  .   (no cloak)
rCorr    .         Harm     .   d - +0 pair of gloves
MR       .....                  (no boots)
Stlth    ..........             (no amulet)
HPRegen  0.12/turn              (no ring)
MPRegen  0.10/turn              (no ring)

@: no status effects
A: negative energy resistance 1, electricity resistance, unbreathing,
petrification resistance, rot immunity, AC +4
a: no special abilities


You were on level 4 of the Dungeon.
You were not hungry.

You visited 1 branch of the dungeon, and saw 5 of its levels.

You collected 171 gold pieces.

Inventory:

Hand Weapons
 a - a +0 war axe
 h - a cursed -3 whip
 o - a +0 broad axe (weapon)
Armour
 b - a +0 scale mail
 c - a +1 shield (worn)
 d - a +0 pair of gloves (worn)
 j - a cursed +0 helmet (worn)
 t - a +0 chain mail (worn)
 v - a -2 helmet
Jewellery
 i - an uncursed ring of stealth
Scrolls
 e - 2 scrolls of teleportation
 m - 2 scrolls of amnesia
 r - a scroll of remove curse
 s - a scroll of fog {unknown}
 y - a scroll of fear {unknown}
Potions
 g - a potion of mutation
 k - a potion of magic
 l - a potion of invisibility
 n - 3 potions of heal wounds
 p - a potion of brilliance
 q - a potion of flight
 u - a potion of curing {unknown}
 w - a potion of haste {unknown}
 x - a potion of lignification {unknown}
Comestibles
 f - 12 rations
 z - 4 chunks of flesh


   Skills:
 + Level 3.2 Fighting
 + Level 5.1 Axes
 + Level 3.2 Armour
 - Level 1.4 Dodging
 + Level 3.2 Shields


You had 5 spell levels left.
You didn't know any spells.
Your spell library was empty.

Dungeon Overview and Level Annotations

Branches:
Dungeon (5/15)
 Temple: D:4-7

Altars:
Ashenzari
Gozag
Hepliaklqana
Kikubaaqudgha
Vehumet


Innate Abilities, Weirdness & Mutations

You are resistant to torment.
Your stone body is resilient. (AC +4)
You are immune to poison.
You resist negative energy. (rN+)
You are resistant to electric shocks. (rElec)
You can survive without breathing.
You are immune to petrification.
You are immune to rotting.


Message History

You now have 171 gold pieces (gained 15).
HP restored.
There is a stone staircase leading up here.
Found a runed leather armour.
f - 12 rations (gained 1)
Found a stone staircase leading down.
There is a stone staircase leading down here.
You climb downwards.
There is a stone staircase leading up here.
You climb upwards.
There is a stone staircase leading down here.
A dart slug comes into view.
Okay, then.
Okay, then.
Quiver which item? (- for none, * to show all) (? for menu, Esc to quit)
Okay, then.
You don't know any spells.
Save game and exit?
Okay, then.
Are you sure you want to abandon this character and quit the game? (Confirm with "yes".)

## .. .# ..# .. .. #.#
.### w# ####.# # ..# .#
#..... #. #.# .# #.##.#
#.##.##.##########.##.#
#.......##.....##.....#
#....@.##.....##.....#
#.#.##.##.........[...
#.#.##.##.....##......
#..#.#.##.....##.....#
#.#.##.###########..##
#.#.##.# ###..##
#......# #.....#
###.#### #######.....#
#...# #...........#


You could see a dart slug.

Vanquished Creatures
  A scorpion (D:3)
  6 gnolls
  3 adders
  An ooze (D:3)
  An adder skeleton (D:4)
  3 worms (D:2)
  2 dart slugs
  2 leopard geckos
  2 orcs
  9 bats
  3 giant cockroaches
  8 goblins
  4 hobgoblins
  8 jackals
  A quokka (D:2)
  2 ball pythons
  6 frilled lizards
  7 kobolds
  7 rats
76 creatures vanquished.

Notes
Turn   | Place    | Note
-------+----------+-------------------------------------------
     0 | D:1      | Anuprightman the Gargoyle Fighter began the quest for the
                  | Orb.
     0 | D:1      | Reached XP level 1. HP: 14/14 MP: 1/1
    50 | D:1      | Reached skill level 2 in Axes
    93 | D:1      | Reached XP level 2. HP: 19/19 MP: 2/2
   270 | D:1      | Found a shattered altar of Ashenzari.
   288 | D:1      | Reached skill level 3 in Axes
   322 | D:1      | Reached XP level 3. HP: 23/23 MP: 3/3
   564 | D:2      | Reached XP level 4. HP: 7/28 MP: 4/4
   933 | D:2      | Reached skill level 4 in Axes
  1004 | D:2      | Reached skill level 1 in Dodging
  1287 | D:2      | Reached XP level 5. HP: 30/32 MP: 5/5
  1725 | D:3      | Found an ancient bone altar of Kikubaaqudgha.
  2346 | D:4      | Found a radiant altar of Vehumet.
  2348 | D:4      | Found a hazy altar of Hepliaklqana.
  2460 | D:4      | Reached skill level 5 in Axes
  2484 | D:3      | Found an opulent altar of Gozag.
  2667 | D:4      | Reached XP level 6. HP: 29/37 MP: 6/6
  2851 | D:5      | Entered Level 5 of the Dungeon
  2864 | D:4      | Quit the game

Levels and vault maps discovered:
D:1:      dpeg_arrival_rooms_c, layout_rooms, corexii_leaking_fountain,
          evilmike_ruin_ashenzari
D:2:      layout_rooms
D:3:      lemuel_upstairs_altar, layout_basic, lemuel_doored_altar
D:4:      layout_loops_cross, nicolae_overflow_hidden_temple, first_ration,
          mrwooster_statue_mirror
D:5:      layout_loops_ring, marbit_many_paths, minmay_misc_feat_columns,
          hangedman_decor_push

Skill      XL: |  1  2  3  4  5 |
---------------+----------------+-----
Axes           | 2 3 4 5 |  5.1
Dodging        | 1 |  1.4
Fighting       | |  3.2
Armour         | |  3.2
Shields        | |  3.2

Action                   |  1- 3 |  4- 6 || total
-------------------------+-------+-------++-------
Melee: War axe           |   112 |   106 ||   218
       Broad axe         |       |    75 ||    75
  Use: Scroll            |       |    14 ||    14
       Potion            |       |     1 ||     1
  Eat: Chunk             |       |     7 ||     7
Armor: Scale mail        |    78 |    87 ||   165
       Chain mail        |       |    29 ||    29
Dodge: Dodged            |    42 |    64 ||   106
Block: Shield            |    79 |   105 ||   184
